 Dungeon Crawl Stone Soup version 0.30.0 (webtiles) character file.

Game seed: 14650415254468090194

3807 marwff the Thaumaturge (level 9, -2/56 HPs)
             Began as a Deep Elf Conjurer on July 2, 2023.
             Was a Believer of Vehumet.
             Slain by a shadow (27 damage)
             ... on level 8 of the Dungeon.
             The game lasted 00:27:44 (7907 turns).

marwff the Thaumaturge (Deep Elf Conjurer)          Turns: 7907, Time: 00:27:44

Health: -2/56      AC:  4    Str:  2    XL:     9   Next: 96%
Magic:  15/24      EV: 15    Int: 34    God:    Vehumet [**....]
Gold:   276        SH:  0    Dex: 13    Spells: 19/26 levels left

rFire   + + +        H - +2 demon blade (freeze)
rCold   . . .        (no shield)
rNeg    . . .        C - +0 robe "Ipleitapp" {*Corrode rElec rF++ Str-2}
rPois   .            (no helmet)
rElec   +            y - +0 cloak
rCorr   .            a - +0 pair of gloves
SInv    .            (no boots)
Will    .....        A - amulet of faith
Stlth   +++          i - ring of protection from fire
HPRegen 0.29/turn    u - +6 ring of intelligence
MPRegen 0.19/turn

%: corrode self (3%), faith
@: no status effects
A: no striking features
a: Renounce Religion


You were on level 8 of the Dungeon.
You worshipped Vehumet.
Vehumet was pleased with you.
You visited 2 branches of the dungeon, and saw 10 of its levels.

You collected 414 gold pieces.
You spent 138 gold pieces at shops.

Inventory:

Hand Weapons
 H - a +2 demon blade of freezing (weapon)
Missiles
 B - a curare-tipped dart
Armour
 a - a +0 pair of gloves (worn)
 l - a +1 leather armour of fire resistance
 y - a +0 cloak (worn)
 C - the +0 robe "Ipleitapp" (worn) {*Corrode rElec rF++ Str-2}
   (You found it on level 6 of the Dungeon)

   Str:       It affects your strength (-2).
   rF:        It greatly protects you from fire.
   rElec:     It insulates you from electricity.
   *Corrode:  It may corrode you when you take damage.
 E - +0 acid dragon scales
 G - a +0 robe of cold resistance
Jewellery
 c - a ring of see invisible
 i - a ring of protection from fire (left hand)
 k - a ring of fire
 s - a ring of protection from fire
 u - a +6 ring of intelligence (right hand)
 A - an amulet of faith (around neck)
 I - a ring of ice
Wands
 v - a wand of roots (9)
 x - a wand of paralysis (9)
Scrolls
 d - a scroll of teleportation {unknown}
 f - 2 scrolls of fog
 h - 3 scrolls of magic mapping
 j - 2 scrolls of noise {unknown}
 m - 5 scrolls of identify
 o - 2 scrolls of poison
 w - 2 scrolls of immolation {unknown}
 z - 2 scrolls of silence {unknown}
 D - a scroll of blinking
Potions
 b - 2 potions of magic
 e - a potion of brilliance {unknown}
 g - 3 potions of haste {unknown}
 n - 2 potions of heal wounds {unknown}
 p - 2 potions of curing {unknown}
 q - 3 potions of flight {unknown}
 r - a potion of might {unknown}
 t - a potion of resistance {unknown}
 F - a potion of berserk rage {unknown}


   Skills:
 + Level 6.9 Fighting
 - Level 7.0 Dodging
 - Level 5.0 Stealth
 - Level 9.0 Spellcasting
 - Level 8.0 Conjurations
 - Level 5.0 Hexes


You had 19 spell levels left.
You knew the following spells:

 Your Spells              Type           Power      Damage    Failure   Level
a - Magic Dart            Conj           100%       1d8       1%          1
b - Searing Ray           Conj           100%       2d8       1%          2
c - Fulminant Prism       Conj/Hex       28%        3d14      1%          4

Your spell library contained the following spells:

 Spells                   Type           Power      Damage    Failure   Level
 Scorch                   Fire           30%        2d6       4%          2
 Dazzling Flash           Conj/Hex       100%       N/A       1%          3
 Portal Projectile        Hex/Tloc       64%        N/A       3%          3
 Sublimation of Blood     Necr           15%        N/A       4%          2
 Wereblood                Tmut           15%        N/A       4%          2
 Iskenderun's Mystic Bla  Conj/Tloc      42%        2d10      5%          4
 Call Canine Familiar     Summ           15%        N/A       9%          3
 Volatile Blastmotes      Fire/Tloc      30%        2d12      9%          3
 Leda's Liquefaction      Hex/Erth       16%        N/A       11%         4
 Petrify                  Tmut/Erth      15%        N/A       28%         4
 Metabolic Englaciation   Hex/Ice        16%        N/A       28%         5
 Lee's Rapid Deconstruct  Erth           7%         3d7*      63%         5
 Statue Form              Tmut/Erth      10%        N/A       99%         6
 Summon Hydra             Summ           7%         N/A       100%        7


Dungeon Overview and Level Annotations

Branches:
Dungeon (9/15)             Temple (1/1) D:4
   Lair: D:8-11         Orc: D:9-12

Altars:
Ashenzari
Cheibriados
Dithmenos
Elyvilon
Fedhas
Gozag
Hepliaklqana
Kikubaaqudgha
Makhleb
Nemelex Xobeh
Ru
Sif Muna
Trog
Uskayaw
Vehumet
Wu Jian
Yredelemnul
Zin

Shops:
D:6 ?

Annotations:
D:6 3 runed translucent doors, Endbringerleviathan's ghost, novice NaFE
D:9 Maurice


Message History

The killer bee is severely wounded. (Press . to maintain the ray.)
You feel sick.
The killer bee stings you but does no damage.
The killer bee stings you.
* * * LOW HITPOINT WARNING * * *
The shadow closely misses you.
The searing ray hits the killer bee.
You kill the killer bee!
Vehumet accepts your kill.
You feel your power returning.
You feel sick. The shadow closely misses you.
Hit: H) +2 demon blade (freeze)
Press: ? - help, Dir - move target, f - shadow
Aim: a shadow (about 41% to evade your +2 demon blade of freezing)
Okay, then.
Casting: Searing Ray (safe; 1% risk of failure)
Confirm with . or Enter, or press ? or * to list all spells.
Aiming: Fulminant Prism (dangerous; 1% risk of failure)
Press: ? - help, Dir - move target You conjure a prism of explosive energy!
A fulminant prism comes into view.
You feel sick.
The shadow slips into darkness.
The shadow flickers and vanishes!
Deactivating autopickup; reactivate with Ctrl-A.
You feel sick.
Your fulminant prism crackles loudly.
You feel sick.
Your fulminant prism explodes!
The blast of energy engulfs something!
Casting: Fulminant Prism (dangerous; 1% risk of failure)
Confirm with . or Enter, or press ? or * to list all spells.
Aiming: Fulminant Prism (dangerous; 1% risk of failure)
Press: ? - help, Dir - move target You conjure a prism of explosive energy!
A fulminant prism comes into view.
You feel sick.
You are no longer poisoned.
The shadow strikes at you from the darkness!
You die...

..'...................##.#
..#.....######......#.##.##
..#.#...........#.........###
....................#.##....#
..#.#.#........#..........#.#
....#.##...................)#
....#.##.....~.#..#...###.###
....#.##..........#.[.#####
....####.......(@........######
....# #######..{*............#
....# #.....>..........##.#
....# ##........#########.#
....# #..............# #.#
....# #.......##.#######.#
....#### ###'######.##......#
.).....# #.# #.#######.#
#......# ###'######.# #.#


You could see a friendly fulminant prism (unaware).

Vanquished Creatures
  A two-headed ogre (D:8)
  Maggie (D:7)
  An acid dragon (D:8)
  2 water moccasins
  2 sky beasts
  An ice beast (D:7)
  4 ogres
  5 black bears
  2 centaurs
  A phantom (D:5)
  A kobold brigand (D:6)
  A bullfrog (D:9)
  A scorpion (D:9)
  3 wights (D:8)
  2 killer bees (D:8)
  6 howler monkeys
  2 hounds
  An orc priest (D:8)
  A jelly (D:5)
  A sleepcap (D:4)
  Crazy Yiuf (D:4)
  7 iguanas
  4 orc wizards
  6 gnolls (D:4)
  6 adders
  A white imp (D:7)
  An ufetubus (D:5)
  A worm (D:2)
  23 orcs
  4 ball pythons
  5 bats
  6 endoplasms
  3 giant cockroaches (D:1)
  4 goblins
  4 hobgoblins (D:1)
  12 jackals
  A quokka (D:1)
  4 frilled lizards
  12 kobolds
  2 rats (D:1)
146 creatures vanquished.

Vanquished Creatures (others)
  A kobold brigand (D:9)
  39 fulminant prisms
  12 fungi (D:9)
  12 plants
  3 withered plants (D:7)
67 creatures vanquished.

Grand Total: 213 creatures vanquished

Notes
Turn   | Place    | Note
-------+----------+-------------------------------------------
     0 | D:1      | marwff the Deep Elf Conjurer began the quest for the Orb.
     0 | D:1      | Reached XP level 1. HP: 10/10 MP: 6/6
    88 | D:1      | Found a faded altar of an unknown god.
   159 | D:1      | Reached XP level 2. HP: 15/15 MP: 6/8
   162 | D:1      | Learned a level 2 spell: Searing Ray
   451 | D:1      | Reached skill level 5 in Conjurations
   844 | D:2      | Reached XP level 3. HP: 19/19 MP: 8/10
  1195 | D:2      | Reached skill level 4 in Spellcasting
  1748 | D:3      | Reached XP level 4. HP: 24/24 MP: 4/12
  2064 | D:3      | Reached XP level 5. HP: 23/28 MP: 0/14
  2587 | D:4      | Reached skill level 5 in Spellcasting
  2643 | D:4      | Found a staircase to the Ecumenical Temple.
  2832 | D:4      | Reached XP level 6. HP: 32/32 MP: 9/15
  2876 | Temple   | Entered the Ecumenical Temple
  3002 | Temple   | Became a worshipper of Vehumet
  3163 | D:4      | Learned a level 4 spell: Fulminant Prism
  3324 | D:4      | Found a hide-covered altar of Uskayaw.
  3385 | D:4      | Found a white marble altar of Elyvilon.
  3474 | D:4      | Reached * piety under Vehumet
  3474 | D:4      | Offered knowledge of Foxfire by Vehumet.
  3744 | D:4      | Found a runed translucent door.
  3745 | D:4      | Noticed Crazy Yiuf
  3840 | D:4      | Killed Crazy Yiuf
  3841 | D:4      | Reached XP level 7. HP: 36/36 MP: 12/17
  3917 | D:5      | Entered Level 5 of the Dungeon
  3980 | D:5      | Reached skill level 6 in Spellcasting
  4186 | D:5      | Reached skill level 7 in Spellcasting
  4223 | D:5      | Reached skill level 5 in Hexes
  4600 | D:5      | Reached skill level 8 in Spellcasting
  4600 | D:5      | Reached XP level 8. HP: 41/41 MP: 15/22
  5288 | D:6      | Reached skill level 9 in Spellcasting
  5291 | D:6      | Reached skill level 5 in Stealth
  5297 | D:6      | Reached ** piety under Vehumet
  5297 | D:6      | Offered knowledge of Scorch by Vehumet.
  5354 | D:6      | Found a runed translucent gate.
  5354 | D:6      | Found a runed translucent gate.
  5354 | D:6      | Found a runed translucent gate.
  5358 | D:6      | Noticed Endbringerleviathan's ghost (novice NaFE)
  5410 | D:6      | Identified the +0 robe "Ipleitapp" {*Corrode rElec rF++
                  | Str-2}
  5546 | D:6      | Reached skill level 5 in Dodging
  5655 | D:6      | Found Xafasmeuff's Magic Scroll Emporium.
  5664 | D:6      | Bought a scroll of blinking for 90 gold pieces
  5664 | D:6      | Bought a scroll of fog for 48 gold pieces
  6211 | D:7      | Reached skill level 1 in Fighting
  6211 | D:7      | Reached XP level 9. HP: 47/47 MP: 18/24
  6316 | D:7      | Found an ancient bone altar of Kikubaaqudgha.
  6336 | D:7      | Noticed Maggie
  6345 | D:7      | Killed Maggie
  6494 | D:7      | Found a sparkling altar of Nemelex Xobeh.
  6871 | D:8      | Noticed a two-headed ogre
  6927 | D:8      | Killed a two-headed ogre
  6928 | D:8      | Reached skill level 5 in Fighting
  7677 | D:9      | Noticed Maurice
  7899 | D:9      | Noticed a troll
  7907 | D:8      | Slain by a shadow

Illustrated notes

Levels and vault maps discovered:
D:1:      minmay_arrival_stair_chambers, layout_rooms,
          shapermc_ecumenical_altar_venn
D:2:      layout_rooms, serial_glass, glass_columns_c, glass_columns_a,
          minmay_pentomino_s2
D:3:      layout_basic
D:4:      layout_basic, chequers_temple_overflow_statue_of_worship,
          minmay_temple_entry_overgrown, uniq_crazy_yiuf_cottage
D:5:      layout_gridville
D:6:      layout_basic, ebering_ghost_rock_garden, serial_shops, shop_coins
D:7:      layout_loops_ring, general_overflow_altar, kiku_gazebo_garden_becter,
          uniq_maggie
D:8:      layout_basic
D:9:      layout_rooms, xom_confusion_cloud,
          chequers_temple_overflow_minitemple, grunt_lair_entry_orc_guard_hut,
          bh_walls_and_bars, uniq_maurice
Temple:   nicolae_temple_two_arcs

Skill      XL: |  1  2  3  4  5  6  7  8  9 |
---------------+----------------------------+-----
Conjurations   | 5 6 7 8 |  8.0
Spellcasting   | 4 5 8 9 |  9.0
Hexes          | 2 5 |  5.0
Dodging        | 7 |  7.0
Stealth        | 5 |  5.0
Fighting       | 1 6 |  6.9

Action                     |  1- 3 |  4- 6 |  7- 9 || total
---------------------------+-------+-------+-------++-------
  Melee: Unarmed           |       |     1 |       ||     1
   Cast: Magic Dart        |    68 |    60 |    40 ||   168
         Searing Ray       |     7 |    17 |    20 ||    44
         Fulminant Prism   |       |     1 |    39 ||    40
    Use: Scroll            |       |     3 |     1 ||     4
 Armour: Robe              |     1 |       |     1 ||     2
         Leather armour    |       |     5 |     3 ||     8
  Dodge: Dodged            |     5 |     7 |    18 ||    30
